 Dungeon Crawl Stone Soup version 0.23.2-33-g5129a83184 (webtiles) character file.

Game seed: 17312851081073906664

7361 Jaz the Cleaver (level 11, -5/104 HPs)
             Began as a Hill Orc Berserker on June 27, 2019.
             Was a High Priest of Trog.
             Slain by an ogre
             ... wielding a +0 giant club
              (17 damage)
             ... on level 1 of the Orcish Mines.
             The game lasted 00:19:37 (10125 turns).

Jaz the Cleaver (Hill Orc Berserker)               Turns: 10125, Time: 00:19:38

Health: -5/104     AC: 11    Str: 24    XL:     11   Next: 14%
Magic:  11/11      EV: 11    Int:  7    God:    Trog [*****.]
Gold:   596        SH:  6    Dex: 10    Spells: 10/10 levels left

rFire    + . .     SeeInvis .   r - +5 broad axe "Osilog" {chaos, rC+}
rCold    + + .     Gourm    .   a - +2 buckler
rNeg     . . .     Faith    .   B - +0 ring mail {rF+}
rPois    .         Spirit   .   m - +2 hat
rElec    .         Reflect  .   (no cloak)
rCorr    .         Harm     .   D - +0 pair of gloves
MR       .....                  A - +0 pair of boots
Stlth    +.........             g - amulet of the acrobat
HPRegen  0.27/turn              y - ring of stealth
MPRegen  0.12/turn              b - ring of protection from cold

@: berserk cooldown, starving, slowed, very slow
A: no striking features
a: Berserk, Trog's Hand, Brothers in Arms, Renounce Religion


You were on level 1 of the Orcish Mines.
You worshipped Trog.
Trog was extremely pleased with you.
You were starving.

You visited 2 branches of the dungeon, and saw 10 of its levels.

You collected 596 gold pieces.

Inventory:

Hand Weapons
 r - the +5 broad axe "Osilog" (weapon) {chaos, rC+}
   (You acquired it on level 7 of the Dungeon)

   Each time it hits an enemy it has a different, random effect.
   It protects you from cold.
 E - a +2 antimagic battleaxe
 G - a +3 flail of draining
 N - the +7 battleaxe "Jeolocw" {venom, +Rage rC++ MR+ Stlth+}
   (Trog gifted it to you on level 9 of the Dungeon)

   It poisons the flesh of those it strikes.
   It greatly protects you from cold.
   It affects your resistance to hostile enchantments.
   It lets you go berserk.
   It makes you more stealthy.
Missiles
 J - 2 throwing nets (quivered)
Armour
 a - a +2 buckler (worn)
 m - a +2 hat (worn)
 A - a +0 pair of boots (worn)
 B - a +0 ring mail of fire resistance (worn)
 C - a +1 leather armour of magic resistance
 D - a +0 pair of gloves (worn)
Jewellery
 b - a ring of protection from cold (right hand)
 f - a +3 amulet of reflection
 g - an amulet of the acrobat (around neck)
 h - an uncursed amulet of regeneration
 j - an uncursed ring of ice
 y - a ring of stealth (left hand)
 K - an uncursed ring of ice
Wands
 i - a wand of iceblast (22)
 v - a wand of paralysis (7)
 H - a wand of acid (5)
 M - a wand of random effects (16)
Scrolls
 e - 4 scrolls of enchant armour
 k - a scroll of amnesia {unknown}
 q - 3 scrolls of remove curse
 s - 2 scrolls of fog {unknown}
 u - 5 scrolls of teleportation
 x - a scroll of identify
Potions
 d - 3 potions of curing
 l - a potion of brilliance {unknown}
 n - a potion of mutation {unknown}
 o - a potion of berserk rage {unknown}
 p - 2 potions of flight {unknown}
 t - a potion of heal wounds {unknown}
 w - 2 potions of lignification
 z - 4 potions of agility
 F - 2 potions of haste
 I - a potion of might {unknown}
 L - a potion of magic {unknown}
Comestibles
 c - 22 rations


   Skills:
 + Level 12.2 Fighting
 + Level 14.2 Axes
 + Level 8.5 Armour
 - Level 2.0 Dodging
 - Level 2.0 Shields


You had 10 spell levels left.
You didn't know any spells.
Your spell library was empty.

Dungeon Overview and Level Annotations

Branches:
Dungeon (9/15)             Temple (0/1) D:7             Orc (1/2) D:9
   Lair: D:8-11

Altars:
Gozag
Okawaru
Trog
Vehumet

Shops:
D:7 *

Annotations:
D:7 exclusion: statue


Message History

The ogre barely misses you.
You hit the ogre.
You feel the power of Trog in you as your rage grows.
You kill the ogre!
Trog accepts your kill.
Unknown command.
You are no longer berserk.
You are exhausted.
You feel yourself slow down.
The orc warrior throws a tomahawk.
You block the tomahawk.
You feel better.
An orc comes into view. It is wielding a +0 club.
The orc warrior throws a tomahawk.
You block the tomahawk.
A cyclops comes into view.
The orc shouts!
The cyclops shouts!
You hit the ogre. You freeze the ogre.
The ogre is lightly wounded.
The orc warrior throws a tomahawk.
The tomahawk barely misses you. The ogre hits you with a +0 giant club!
You die...

..............
................
.......$........
.....$..........
....#...........
...(............
.#.#.........o..
.......@).......
.......O).......
......†.).o.....
................
................
####.#..........
###....#.....
####C.#....
#.#####


You could see a cyclops, an orc warrior, an ogre and an orc.

Vanquished Creatures
  An ogre mage (Orc:1)
  A centaur zombie (D:7)
  2 trolls
  2 hippogriffs
  A wraith (D:9)
  A wyvern (D:9)
  The ghost of Curus the Slasher, an amateur HOFi of Trog (D:4)
  2 hungry ghosts
  Edmund (D:5)
  A two-headed ogre zombie (D:9)
  A warg (Orc:1)
  A water moccasin (D:9)
  An orc warrior (Orc:1)
  2 sky beasts
  2 phantoms
  2 black bears (D:3)
  9 ogres
  A wolf (Orc:1)
  4 centaurs
  A big kobold (D:9)
  4 bullfrogs
  A scorpion (D:5)
  4 killer bees
  4 howler monkeys
  4 crimson imps
  2 quasits
  5 hounds
  4 orc priests
  A centaur skeleton (D:6)
  6 jellies
  11 orc wizards
  An iguana (D:9)
  11 worker ants
  7 ogre zombies (D:9)
  A hound zombie (D:5)
  15 adders
  6 gnolls
  6 oozes
  3 adder skeletons
  5 worms
  A dart slug (D:1)
  6 leopard geckos
  26 orcs
  11 bats
  7 giant cockroaches
  10 goblins
  12 hobgoblins
  32 jackals
  3 ball pythons
  6 frilled lizards
  3 goblin skeletons (D:9)
  3 goblin zombies (D:9)
  3 hobgoblin skeletons (D:9)
  A hobgoblin zombie (D:9)
  A jackal skeleton (D:6)
  A jackal zombie (D:6)
  18 kobolds
  A leopard gecko zombie (D:7)
  3 orc skeletons (D:9)
  12 orc zombies (D:9)
  A quokka zombie (D:5)
  9 rats
308 creatures vanquished.

Notes
Turn   | Place    | Note
-------+----------+-------------------------------------------
     0 | D:1      | Jaz the Hill Orc Berserker began the quest for the Orb.
     0 | D:1      | Reached XP level 1. HP: 19/19 MP: 1/1
   252 | D:1      | Reached XP level 2. HP: 26/26 MP: 2/2
   629 | D:1      | Reached skill level 5 in Axes
   856 | D:1      | Reached XP level 3. HP: 18/31 MP: 3/3
  1077 | D:1      | Reached ** piety under Trog
  1238 | D:1      | Reached skill level 6 in Axes
  1421 | D:2      | Reached XP level 4. HP: 24/39 MP: 4/4
  1672 | D:2      | Found an iron altar of Okawaru.
  1979 | D:2      | Reached skill level 7 in Axes
  2221 | D:3      | Reached XP level 5. HP: 46/46 MP: 5/5
  2450 | D:3      | Reached *** piety under Trog
  2607 | D:3      | Noticed a black bear
  2617 | D:3      | Killed a black bear
  2617 | D:3      | Reached skill level 5 in Fighting
  2617 | D:3      | Reached skill level 8 in Axes
  2617 | D:3      | Reached XP level 6. HP: 56/56 MP: 6/6
  3063 | D:3      | Noticed a black bear
  3077 | D:3      | Killed a black bear
  3077 | D:3      | Reached XP level 7. HP: 62/62 MP: 7/7
  3536 | D:3      | Reached skill level 9 in Axes
  3768 | D:4      | Reached **** piety under Trog
  4155 | D:4      | Found a runed translucent door.
  4163 | D:4      | Noticed Curus's ghost (amateur HOFi)
  4183 | D:4      | Killed Curus's ghost
  4183 | D:4      | Reached skill level 10 in Axes
  4183 | D:4      | Reached XP level 8. HP: 72/73 MP: 8/8
  5316 | D:5      | Entered Level 5 of the Dungeon
  5473 | D:5      | Noticed a moth of wrath
  5474 | D:5      | Noticed Edmund
  5476 | D:5      | Found a bloodstained altar of Trog.
  5486 | D:5      | Killed Edmund
  5958 | D:5      | Reached skill level 11 in Axes
  6125 | D:5      | Reached skill level 1 in Shields
  6510 | D:6      | Reached XP level 9. HP: 74/83 MP: 9/9
  7010 | D:6      | Reached ***** piety under Trog
  7353 | D:7      | Found a staircase to the Ecumenical Temple.
  7595 | D:7      | Reached skill level 12 in Axes
  7627 | D:7      | Reached skill level 10 in Fighting
  7627 | D:7      | Reached skill level 5 in Armour
  7632 | D:7      | Identified a scroll of acquirement
  7635 | D:7      | Got a jewelled broad axe
  7636 | D:7      | Identified the +5 broad axe "Osilog" {chaos, rC+} (You
                  | acquired it on level 7 of the Dungeon)
  7797 | D:7      | Found a radiant altar of Vehumet.
  7918 | D:7      | Received a gift from Trog
  7928 | D:7      | Reached XP level 10. HP: 94/94 MP: 10/10
  8072 | D:7      | Found Dagisten's Elemental Accessories.
  8927 | D:8      | Found an opulent altar of Gozag.
  9176 | D:8      | Reached skill level 13 in Axes
  9428 | D:9      | Found a staircase to the Orcish Mines.
  9855 | D:9      | Received a gift from Trog
  9866 | D:9      | Got a crystal battleaxe {god gift}
  9874 | D:9      | Identified the +7 battleaxe "Jeolocw" {venom, +Rage rC++
                  | MR+ Stlth+} (Trog gifted it to you on level 9 of the
                  | Dungeon)
 10091 | Orc:1    | Entered Level 1 of the Orcish Mines
 10100 | Orc:1    | Noticed an ogre mage
 10109 | Orc:1    | Reached XP level 11. HP: 26/104 MP: 11/11
 10117 | Orc:1    | HP: 6/156 [ogre mage/bolt of lightning (26)]
 10118 | Orc:1    | Killed an ogre mage
 10118 | Orc:1    | Reached skill level 14 in Axes
 10118 | Orc:1    | Noticed an ogre mage
 10124 | Orc:1    | Noticed a cyclops
 10125 | Orc:1    | Slain by an ogre

Skill      XL: |  1  2  3  4  5  6  7  8  9 10 11 |
---------------+----------------------------------+-----
Axes           | 5 6 7 8 10 11 12 13 14 | 14.2
Fighting       | 5 7 9 10 11 12 | 12.2
Shields        | 2 |  2.0
Dodging        | 2 |  2.0
Armour         | 5 8 |  8.5

Action                   |  1- 3 |  4- 6 |  7- 9 | 10-12 || total
-------------------------+-------+-------+-------+-------++-------
Melee: Hand axe          |   119 |   175 |   190 |       ||   484
       War axe           |       |       |   138 |       ||   138
       Broad axe         |       |       |    14 |   215 ||   229
Invok: Berserk           |       |     5 |     8 |     1 ||    14
  Use: Scroll            |     1 |     1 |     7 |     3 ||    12
       Potion            |       |       |       |     1 ||     1
 Stab: Sleeping          |       |       |     8 |       ||     8
       Paralysed         |       |       |       |     3 ||     3
       Distracted        |       |       |       |     1 ||     1
  Eat: Chunk             |     2 |     9 |    21 |     4 ||    36
       Ration            |       |       |     1 |     1 ||     2
Armor: Animal skin       |     6 |       |       |       ||     6
       Leather armour    |    28 |    73 |    93 |       ||   194
       Ring mail         |       |       |       |    40 ||    40
Dodge: Dodged            |   117 |   129 |   190 |    83 ||   519
Block: Buckler           |       |    14 |    60 |    41 ||   115
